 Dungeon Crawl Stone Soup version 0.14-a0-2644-gcc8e764 (webtiles) character file.

482 Jenx the Basher (level 6, -7/51 HPs)
             Began as a Minotaur Berserker on Feb 16, 2014.
             Was a Priest of Trog.
             Mangled by Prince Ribbit (13 damage)
             ... in a sewer.
             The game lasted 00:10:08 (2691 turns).

Jenx the Basher (Minotaur Berserker)                Turns: 2691, Time: 00:10:08

HP  -7/51        AC  9     Str 22      XL: 6   Next: 36%
MP   3/3         EV  7     Int  4      God: Trog [***...]
Gold 127         SH  0     Dex 11      Spells:  0 memorised,  5 levels left

rFire  . . .     SeeInvis .     a - +0,+1 orc flail
rCold  . . .     Clarity  .     p - +0 chain mail
rNeg   . . .     Conserve .     (no shield)
rPois  .         rCorr    .     (helmet restricted)
rElec  .         rRot     .     (no cloak)
SustAb . .       Spirit   .     w - +0 pair of gloves
rMut   .         Warding  .     (no boots)
Saprov . . .     Stasis   .     (no amulet)
MR     ++...                    (no ring)
                                (no ring)

@: regenerating, very resistant to hostile enchantments, extremely unstealthy
A: retaliatory headbutt, horns 2
a: Burn Spellbooks, Berserk, Trog's Hand, Renounce Religion


You were in a sewer.
You worshipped Trog.
Trog was most pleased with you.
You were not hungry.

You visited 1 branch of the dungeon, and saw 3 of its levels.
You also visited: Sewer.

You collected 127 gold pieces.

Inventory:

Hand weapons
 a - a +0,+1 orcish flail (weapon)
 b - a +0 blowgun
Missiles
 A - 13 poisoned needles
Armour
 p - a +0 chain mail (worn)
 w - a +0 pair of gloves (worn)
Comestibles
 c - 2 bread rations
 f - 2 meat rations
Scrolls
 d - a scroll of amnesia {unknown}
 g - 2 scrolls of fear {unknown}
 h - 4 scrolls of remove curse {unknown}
 i - a scroll of curse jewellery {unknown}
 j - a scroll of blinking {unknown}
 k - 3 scrolls of identify {unknown}
 q - 2 scrolls of recharging {unknown}
 r - a scroll of enchant weapon I {unknown}
 v - a scroll of noise {unknown}
 z - a scroll of magic mapping {unknown}
Jewellery
 s - an uncursed ring of fire
 y - an uncursed amulet of faith {unknown}
Potions
 e - a potion of mutation {unknown}
 l - a potion of flight {unknown}
 m - a potion of speed {unknown}
 n - a potion of resistance {unknown}
 o - 2 potions of curing
 t - a potion of restore abilities {unknown}
 u - a potion of brilliance {unknown}


   Skills:
 - Level 3.6 Fighting
 * Level 8.7 Maces & Flails
 - Level 2.4 Armour
 - Level 2.1 Dodging


You had 5 spell levels left.
You didn't know any spells.

Dungeon Overview and Level Annotations

Branches:
Dungeon (3/16)

Altars:

Annotations:
Sewer Prince Ribbit


Innate Abilities, Weirdness & Mutations

You reflexively headbutt those who attack you in melee.
You have a pair of horns on your head.


Message History

Prince Ribbit hops awkwardly around.
Prince Ribbit hits you!
* * * LOW HITPOINT WARNING * * *
Prince Ribbit momentarily phases out as your attack passes through him.
Prince Ribbit is moderately wounded.
Prince Ribbit hits you.
* * * LOW HITPOINT WARNING * * *
Use which ability? (? or * to list)
Your skin crawls.
You feel resistant to hostile enchantments.
You feel slightly more hungry.
You can no longer call in reinforcements.
Prince Ribbit hops awkwardly around.
Prince Ribbit hits you.
* * * LOW HITPOINT WARNING * * *
Drink which item? (? for menu, Esc to quit)
You feel better.
It was a potion of curing.
Prince Ribbit hits you!
* * * LOW HITPOINT WARNING * * *
Prince Ribbit hits you!
You die...

≈≈≈.≈....# ##≈≈#
≈≈≈≈.....# ≈≈≈# #≈≈#
#.≈≈....## ≈≈≈≈≈## #≈≈###
#≈≈.....# ≈≈≈≈≈## #..≈≈#
##≈.≈..## ≈≈≈≈≈## ##≈≈.#
#≈.≈.## ≈≈≈≈≈ ##..# #≈.≈≈#
≈≈≈ #.≈#
#≈.≈≈####+#####F#######≈.#
#≈..≈.#≈≈......@≈≈#..≈≈..#
##∩≈≈##≈≈.......≈≈#≈.≈≈≈≈#
#≈∩≈##≈≈...∩...≈≈#.≈#####
######≈≈.......≈≈#≈≈#
##≈≈.....≈≈##≈.#
#####''####≈.≈#
#≈≈≈....≈≈# #≈≈≈≈≈≈≈###
#########


You could see Prince Ribbit.

Vanquished Creatures
  2 giant frogs (Sewer)
  A big fish (D:3)
  Terence (D:2)
  7 adders
  3 gnolls (D:2)
  2 worms (D:3)
  2 giant geckos
  2 orcs (D:3)
  8 ball pythons (Sewer)
  5 giant cockroaches
  11 goblins
  6 hobgoblins
  3 jackals (D:2)
  3 quokkas (D:2)
  7 bats
  7 giant newts
  8 kobolds
  5 rats
83 creatures vanquished.

Notes
Turn   | Place    | Note
--------------------------------------------------------------
     0 | D:1      | Jenx, the Minotaur Berserker, began the quest for the Orb.
     0 | D:1      | Reached XP level 1. HP: 19/19 MP: 1/1
   230 | D:1      | Reached skill level 4 in Maces & Flails
   352 | D:1      | Reached XP level 2. HP: 26/26 MP: 1/1
   446 | D:1      | Acquired Trog's second power
   866 | D:2      | Reached skill level 5 in Maces & Flails
   876 | D:2      | Reached XP level 3. HP: 19/31 MP: 2/2
  1096 | D:2      | Noticed Terence
  1102 | D:2      | Killed Terence
  1102 | D:2      | Reached skill level 6 in Maces & Flails
  1102 | D:2      | Reached XP level 4. HP: 27/39 MP: 2/2
  1790 | D:2      | Reached skill level 7 in Maces & Flails
  1790 | D:2      | Reached XP level 5. HP: 42/45 MP: 2/2
  2438 | D:3      | Found a glowing drain.
  2457 | Sewer    | Entered a sewer
  2601 | Sewer    | Acquired Trog's third power
  2641 | Sewer    | Reached skill level 8 in Maces & Flails
  2641 | Sewer    | Reached XP level 6. HP: 45/51 MP: 3/3
  2678 | Sewer    | Noticed Prince Ribbit
  2690 | Sewer    | HP: 2/51 [Prince Ribbit (5)]
  2691 | Sewer    | Mangled by Prince Ribbit

Action                   |  1- 3 |  4- 6 || total
-------------------------+-------+-------++-------
Melee: Mace              |    84 |    73 ||   157
       Flail             |       |    55 ||    55
Invok: Trog's Hand       |       |     1 ||     1
  Use: Potion            |       |     1 ||     1
